[Event "Redbull chessmasters 2019"]
[Site "Istambul"]
[Date "2019.11.24"]
[Round "3.1"]
[White "Ozenir, Ekin Baris"]
[Black "Gunduz, Umut Erdem"]
[Result "0-1"]
[ECO "A70"]
[WhiteElo "2274"]
[BlackElo "2172"]
[Annotator "NA"]
[PlyCount "55"]
[EventDate "2019.11.23"]
[EventType "k.o."]
[EventCountry "TUR"]
[SourceTitle "playchess.com"]
[Source "ChessBase"]
[SourceQuality "1"]
[TimeControl "600+5"]

1. d4 e6 2. c4 Nf6 3. Nc3 c5 4. d5 exd5 5. cxd5 d6 6. e4 g6 7. h3 Bg7 8. Nf3 O-O 9. Bd3 b5 10. Nxb5 Re8 11. Nd2 Nxe4 12. Bxe4 Ba6 13. a4 Qa5 14. O-O Bxb5 15. Re1 Ba6 16. Rb1 Nd7 17. b3 f5 18. Bf3 Bd3 19. Rb2 Ne5 20. Ra2 Ba6 21. Be2 Nd3 22. Bxd3 Bxd3 23. Rxe8+ Rxe8 24. Nf3 Be4 25. Be3 Qc7 26. Re2 Qf7 27. Nd2 Bd3 28. Re1 0-1

[Event "Redbull chessmasters 2019"]
[Site "Istambul"]
[Date "2019.11.24"]
[Round "4.1"]
[White "Aliakbarov, Anar"]
[Black "Alaz, Ahmet Efekan"]
[Result "1-0"]
[ECO "D10"]
[WhiteElo "2219"]
[BlackElo "2288"]
[Annotator "NA"]
[PlyCount "61"]
[EventDate "2019.11.23"]
[EventType "k.o."]
[EventCountry "TUR"]
[SourceTitle "playchess.com"]
[Source "ChessBase"]
[SourceQuality "1"]
[TimeControl "600+5"]

1. d4 d5 2. c4 c6 3. Nf3 Nf6 4. e3 a6 5. Qc2 g6 6. Bd3 Bg7 7. Nc3 O-O 8. O-O b5 9. b3 Nbd7 10. Bb2 Bb7 11. Rad1 Rc8 12. h3 Re8 13. Ne5 Nxe5 14. dxe5 Nd7 15. f4 Qb6 16. Qe2 Nc5 17. cxd5 cxd5 18. Bb1 Red8 19. Qf2 b4 20. Ne2 Ne4 21. Bxe4 dxe4 22. Nd4 e6 23. g4 Rf8 24. Rd2 Rcd8 25. Qg3 Qa5 26. Ba1 Rc8 27. h4 Rc5 28. h5 Rfc8 29. Bb2 Qb6 30. hxg6 hxg6 31. Rh2 1-0

[Event "Redbull chessmasters 2019"]
[Site "Istambul"]
[Date "2019.11.24"]
[Round "4.2"]
[White "Cingoz, Ozan"]
[Black "Eren, Ataberk"]
[Result "0-1"]
[ECO "D02"]
[WhiteElo "2031"]
[BlackElo "2284"]
[Annotator "NA"]
[PlyCount "100"]
[EventDate "2019.11.23"]
[EventType "k.o."]
[EventCountry "TUR"]
[SourceTitle "playchess.com"]
[Source "ChessBase"]
[SourceQuality "1"]
[TimeControl "600+5"]

1. d4 Nf6 2. Nf3 e6 3. Bf4 b6 4. Nbd2 Bb7 5. e3 Be7 6. h3 d5 7. Bd3 c5 8. c3 Nc6 9. O-O O-O 10. Ne5 Nxe5 11. dxe5 Nd7 12. Nf3 f5 13. exf6 Bxf6 14. Qc2 e5 15. Bxh7+ Kh8 16. Qg6 Qe8 17. Bg3 Qxg6 18. Bxg6 e4 19. Nh4 Bxh4 20. Bxh4 Ne5 21. Bh5 Ba6 22. Rfd1 Bd3 23. Bg3 Rf5 24. Bxe5 Rxh5 25. Bg3 Kg8 26. Rd2 Kf7 27. Rad1 c4 28. Ra1 Rc8 29. a4 Rc5 30. Bd6 Rc6 31. Bg3 a6 32. Ra3 Ke6 33. b3 cxb3 34. Rxb3 Rh8 35. Rdb2 b5 36. axb5 Bxb5 37. Rb1 Rhc8 38. Rc1 g5 39. f3 Rf8 40. f4 gxf4 41. Bxf4 Rc4 42. Rb4 Rc6 43. g4 Rfc8 44. Rb3 Rh8 45. Kg2 Rc4 46. Kg3 Ra4 47. h4 Ra2 48. h5 Rg8 49. g5 Kf5 50. Rf1 Bxf1 0-1

[Event "Redbull chessmasters 2019"]
[Site "Istambul"]
[Date "2019.11.24"]
[Round "4.3"]
[White "Kesgin, Halit Kaan"]
[Black "Can, Melih Kaan"]
[Result "1-0"]
[ECO "B51"]
[WhiteElo "2061"]
[BlackElo "2138"]
[Annotator "NA"]
[PlyCount "181"]
[EventDate "2019.11.23"]
[EventType "k.o."]
[EventCountry "TUR"]
[SourceTitle "playchess.com"]
[Source "ChessBase"]
[SourceQuality "1"]
[TimeControl "600+5"]

1. e4 c5 2. Nf3 Nc6 3. Bb5 d6 4. O-O Bd7 5. Re1 Nf6 6. c3 a6 7. Bf1 Bg4 8. h3 Bxf3 9. Qxf3 g6 10. d3 Bg7 11. Nd2 O-O 12. g4 b5 13. Bg2 Nd7 14. Qe2 Qc7 15. a3 Rab8 16. f4 a5 17. Nf3 b4 18. Qc2 bxc3 19. bxc3 Qb6 20. Bd2 Qb3 21. Qc1 Qb2 22. Rb1 Qxc1 23. Rexc1 a4 24. e5 dxe5 25. fxe5 Ncxe5 26. Nxe5 Nxe5 27. Be4 Rb3 28. Rxb3 axb3 29. Rb1 c4 30. dxc4 Nxc4 31. Bf4 e5 32. Bd3 Nxa3 33. Rxb3 exf4 34. Rxa3 Rc8 35. c4 Bd4+ 36. Kg2 Kg7 37. Kf3 Be3 38. Rc3 Rc5 39. Be4 Kf6 40. Bd5 Rc7 41. Ra3 Ke5 42. Ra8 f5 43. Re8+ Kd4 44. gxf5 gxf5 45. Rf8 Rg7 46. Rxf5 Kd3 47. Be4+ Kxc4 48. h4 Kd4 49. Rd5+ Kc4 50. Rg5 Ra7 51. Rh5 Rg7 52. Rg5 Ra7 53. Rh5 Ra1 54. Rxh7 Rf1+ 55. Kg4 Kd4 56. Bg2 Rf2 57. Bf3 Rh2 58. h5 Kc3 59. h6 Kd2 60. Rh8 Ke1 61. Be4 Kf2 62. h7 Bd4 63. Rd8 Bc3 64. Kxf4 Ke2 65. Rc8 Kd2 66. Kg5 Rh3 67. Bf5 Rh2 68. Bg6 Rg2+ 69. Kh6 Rh2+ 70. Bh5 Bb2 71. Rd8+ Ke3 72. h8=Q Bxh8 73. Rxh8 Kd4 74. Re8 Kc5 75. Kg5 Rd2 76. Rc8+ Kd4 77. Kf4 Rb2 78. Rd8+ Kc5 79. Ke5 Kb4 80. Rc8 Ka3 81. Bf3 Rb4 82. Bd5 Kb2 83. Be4 Rb6 84. Kd4 Rb4+ 85. Kd3 Rb6 86. Bd5 Rb4 87. Rc2+ Kb1 88. Rh2 Rb8 89. Kc3 Rc8+ 90. Bc4 Ka1 91. Rh1# 1-0

[Event "Redbull chessmasters 2019"]
[Site "Istambul"]
[Date "2019.11.24"]
[Round "4.4"]
[White "Yanik, Sural Emine"]
[Black "Yildiz Kadioglu, Betul Cemre"]
[Result "0-1"]
[ECO "D02"]
[WhiteElo "1834"]
[BlackElo "2338"]
[Annotator "NA"]
[PlyCount "68"]
[EventDate "2019.11.23"]
[EventType "k.o."]
[EventCountry "TUR"]
[SourceTitle "playchess.com"]
[Source "ChessBase"]
[SourceQuality "1"]
[TimeControl "600+5"]

1. d4 d5 2. Nf3 c5 3. c3 e6 4. Bg5 Qb6 5. Qb3 Nc6 6. e3 Bd6 7. Nbd2 Nge7 8. Be2 Nf5 9. O-O h6 10. dxc5 Qxc5 11. Bf4 Bxf4 12. exf4 O-O 13. Bd3 Ne3 14. Rfe1 Ng4 15. Rf1 b6 16. c4 Nb4 17. cxd5 Nxd5 18. Rac1 Qe7 19. Be4 Bb7 20. g3 Rfd8 21. Bb1 Nb4 22. a3 Na6 23. Qc2 Nf6 24. b4 Rac8 25. Qb3 Nc7 26. Rfe1 Qd7 27. Rcd1 Bd5 28. Qd3 Qb5 29. Qxb5 Nxb5 30. Ne5 Nc3 31. f5 Nxd1 32. Rxd1 exf5 33. Bxf5 Be6 34. Bxe6 fxe6 0-1

[Event "Redbull chessmasters 2019"]
[Site "Istambul"]
[Date "2019.11.24"]
[Round "4.5"]
[White "Kilic, Efe Mert"]
[Black "Inan, Canberk"]
[Result "1-0"]
[ECO "B40"]
[WhiteElo "2247"]
[BlackElo "1941"]
[Annotator "NA"]
[PlyCount "97"]
[EventDate "2019.11.23"]
[EventType "k.o."]
[EventCountry "TUR"]
[SourceTitle "playchess.com"]
[Source "ChessBase"]
[SourceQuality "1"]
[TimeControl "600+5"]

1. e4 c5 2. Nf3 e6 3. b3 Nc6 4. Bb2 d5 5. Bb5 a6 6. Bxc6+ bxc6 7. Nc3 Nf6 8. O-O d4 9. Na4 Nxe4 10. Re1 Nf6 11. c3 d3 12. Ne5 Bd6 13. Qf3 Qc7 14. Nxd3 Bxh2+ 15. Kh1 Bd6 16. Naxc5 Bxc5 17. Nxc5 h5 18. Kg1 Ng4 19. g3 Rh6 20. c4 Rg6 21. Re4 f5 22. Qxf5 Qf7 23. Qxf7+ Kxf7 24. Rae1 h4 25. Rf4+ Kg8 26. Ree4 e5 27. Bxe5 h3 28. Bd4 Nf6 29. Bxf6 gxf6 30. Re8+ Kf7 31. Rfe4 Rg5 32. R4e7+ Kg6 33. Ne4 Ra5 34. Rc7 Bf5 35. Rxa8 Bxe4 36. Rg8+ Kf5 37. a4 Re5 38. d4 Re6 39. Kh2 Bg2 40. Rh8 Re1 41. Rxh3 Bf3 42. g4+ Kf4 43. Rxf3+ Kxf3 44. Rxc6 Re4 45. Rxf6+ Ke2 46. Kg3 Rxd4 47. g5 Rd3+ 48. f3 Rd1 49. Re6+ 1-0

[Event "Redbull chessmasters 2019"]
[Site "Istambul"]
[Date "2019.11.24"]
[Round "4.6"]
[White "Ozdemir, Serhan Berat"]
[Black "Tarlabasi, Emirhan"]
[Result "0-1"]
[ECO "C06"]
[WhiteElo "2096"]
[BlackElo "2316"]
[Annotator "NA"]
[PlyCount "62"]
[EventDate "2019.11.23"]
[EventType "k.o."]
[EventCountry "TUR"]
[SourceTitle "playchess.com"]
[Source "ChessBase"]
[SourceQuality "1"]
[TimeControl "600+5"]

1. e4 e6 2. d4 d5 3. Nd2 Be7 4. Ngf3 Nf6 5. e5 Nfd7 6. Bd3 c5 7. c3 Nc6 8. O-O a6 9. Re1 b5 10. Nf1 cxd4 11. cxd4 Qb6 12. Be3 a5 13. Rc1 Ba6 14. Ng3 g6 15. h4 h6 16. Ne2 O-O-O 17. a4 b4 18. Nf4 Kb7 19. Bxa6+ Qxa6 20. Nd3 Rdg8 21. Qe2 g5 22. h5 Rc8 23. Nd2 Rc7 24. Nb3 Rhc8 25. Ndc5+ Nxc5 26. Nxc5+ Bxc5 27. Rxc5 Qxe2 28. Rxe2 Rf8 29. Rec2 f5 30. f4 g4 31. Bf2 Rff7 0-1

[Event "Redbull chessmasters 2019"]
[Site "Istambul"]
[Date "2019.11.24"]
[Round "4.7"]
[White "Gunduz, Umut Erdem"]
[Black "Ozsakallioglu, Okan"]
[Result "0-1"]
[ECO "B45"]
[WhiteElo "2172"]
[BlackElo "2072"]
[Annotator "NA"]
[PlyCount "60"]
[EventDate "2019.11.23"]
[EventType "k.o."]
[EventCountry "TUR"]
[SourceTitle "playchess.com"]
[Source "ChessBase"]
[SourceQuality "1"]
[TimeControl "600+5"]

1. e4 c5 2. Nf3 e6 3. d4 cxd4 4. Nxd4 Nf6 5. Nc3 Nc6 6. Ndb5 Bb4 7. a3 Bxc3+ 8. Nxc3 d5 9. exd5 exd5 10. Bd3 O-O 11. O-O d4 12. Ne2 Bg4 13. f3 Bh5 14. Nf4 Bg6 15. Nxg6 hxg6 16. f4 Re8 17. Qf3 Nd7 18. b4 Qb6 19. Bd2 a5 20. Qh3 Nf6 21. Rae1 axb4 22. axb4 Rxe1 23. Rxe1 Nxb4 24. Rb1 Nxd3 25. Rf1 Nc5 26. f5 gxf5 27. Qxf5 Nce4 28. Bc1 d3+ 29. Kh1 d2 30. Ba3 Qe6 0-1

[Event "Redbull chessmasters 2019"]
[Site "Istambul"]
[Date "2019.11.24"]
[Round "4.8"]
[White "Duru, Ipek"]
[Black "Kalayci, Nino"]
[Result "1/2-1/2"]
[ECO "C01"]
[WhiteElo "1566"]
[BlackElo "1852"]
[Annotator "NA"]
[PlyCount "61"]
[EventDate "2019.11.23"]
[EventType "k.o."]
[EventCountry "TUR"]
[SourceTitle "playchess.com"]
[Source "ChessBase"]
[SourceQuality "1"]
[TimeControl "600+5"]

1. e4 e6 2. d4 d5 3. exd5 exd5 4. Nf3 Nf6 5. Bd3 Bd6 6. Nc3 O-O 7. O-O c6 8. Bg5 Bg4 9. h3 Bh5 10. Re1 Nbd7 11. g4 Bg6 12. Ne5 Qb6 13. Bxg6 hxg6 14. Na4 Qa5 15. c3 Bxe5 16. dxe5 Ne4 17. Be7 Rfe8 18. Bb4 Qd8 19. c4 Qh4 20. Rxe4 dxe4 21. Qxd7 Rad8 22. Qc7 Qxh3 23. e6 Qxg4+ 24. Qg3 Rd1+ 25. Rxd1 Qxd1+ 26. Kg2 Rxe6 27. Qb8+ Kh7 28. Qh2+ Kg8 29. Qb8+ Kh7 30. Qh2+ Kg8 31. Qb8+ 1/2-1/2

[Event "Redbull chessmasters 2019"]
[Site "Istambul"]
[Date "2019.11.24"]
[Round "4.9"]
[White "Kilic, Ihsan"]
[Black "Ererdem, Gani Eren"]
[Result "1-0"]
[ECO "D02"]
[WhiteElo "1941"]
[BlackElo "2105"]
[Annotator "NA"]
[PlyCount "111"]
[EventDate "2019.11.23"]
[EventType "k.o."]
[EventCountry "TUR"]
[SourceTitle "playchess.com"]
[Source "ChessBase"]
[SourceQuality "1"]
[TimeControl "600+5"]

1. d4 Nf6 2. Nf3 e6 3. g3 d5 4. Bg2 Be7 5. b3 O-O 6. Bb2 b6 7. O-O Bb7 8. Ne5 c5 9. e3 Nc6 10. Nd2 Qc7 11. f4 Nd7 12. c4 dxc4 13. Ndxc4 Rad8 14. Qe2 Ndxe5 15. dxe5 b5 16. Nd2 Nb4 17. Ne4 Nd3 18. Rfd1 Nxb2 19. Qxb2 Rxd1+ 20. Rxd1 Rd8 21. Rxd8+ Qxd8 22. Qc2 Qa5 23. Kf2 Qc7 24. h4 h5 25. Bf3 g6 26. Nd2 Ba6 27. Be2 Qa5 28. Ne4 Qb4 29. Nd6 Kg7 30. a4 bxa4 31. Bxa6 axb3 32. Qb2 Qb6 33. Bc4 Kg8 34. Qxb3 Qa5 35. Qa2 Qb4 36. Ne4 a5 37. Nd2 a4 38. Ne4 Kg7 39. Nd6 a3 40. Nb5 f6 41. Nxa3 fxe5 42. fxe5 Qc3 43. Bxe6 Qxe5 44. Bd5 Bd6 45. Ke2 Qxg3 46. Qc4 Qh2+ 47. Kd3 Kh7 48. Nb5 Be5 49. Be4 Qg1 50. Qf7+ Bg7 51. Kc4 Qg4 52. Kd5 c4 53. Nd4 Qxh4 54. Qxg6+ Kg8 55. Ne6 Qe7 56. Qh7+ 1-0

[Event "Redbull chessmasters 2019"]
[Site "Istambul"]
[Date "2019.11.24"]
[Round "4.10"]
[White "Olcum, Ahmet"]
[Black "Cil, Batuhan"]
[Result "1-0"]
[ECO "C00"]
[WhiteElo "2303"]
[BlackElo "1737"]
[Annotator "NA"]
[PlyCount "77"]
[EventDate "2019.11.23"]
[EventType "k.o."]
[EventCountry "TUR"]
[SourceTitle "playchess.com"]
[Source "ChessBase"]
[SourceQuality "1"]
[TimeControl "600+5"]

1. e4 c5 2. d3 e6 3. g3 d5 4. Nd2 Nf6 5. Bg2 Nc6 6. Ngf3 Be7 7. O-O O-O 8. Re1 b6 9. e5 Nd7 10. h4 Bb7 11. Nf1 Qc7 12. Bf4 Rac8 13. c3 d4 14. c4 a6 15. N1h2 b5 16. b3 h6 17. Ng4 Kh7 18. h5 Qd8 19. Qd2 f5 20. exf6 Nxf6 21. Nxf6+ Rxf6 22. Ne5 Na5 23. Bxb7 Nxb7 24. Ng4 Bd6 25. Nxf6+ Qxf6 26. Bxd6 Nxd6 27. Qf4 Qe7 28. Qg4 Re8 29. Re2 Nf5 30. Rae1 Qf7 31. Qg6+ Qxg6 32. hxg6+ Kxg6 33. Rxe6+ Rxe6 34. Rxe6+ Kg5 35. Rxa6 bxc4 36. bxc4 Kg4 37. Kg2 Kg5 38. a4 h5 39. f4+ 1-0

[Event "Redbull chessmasters 2019"]
[Site "Istambul"]
[Date "2019.11.24"]
[Round "4.11"]
[White "Tofan, Ismail"]
[Black "Isik, Esref"]
[Result "1-0"]
[ECO "A06"]
[WhiteElo "1685"]
[BlackElo "1920"]
[Annotator "NA"]
[PlyCount "117"]
[EventDate "2019.11.23"]
[EventType "k.o."]
[EventCountry "TUR"]
[SourceTitle "playchess.com"]
[Source "ChessBase"]
[SourceQuality "1"]
[TimeControl "600+5"]

1. Nf3 c5 2. b3 Nf6 3. e3 e6 4. Be2 d5 5. O-O Be7 6. Bb2 O-O 7. d4 b6 8. Nbd2 Bb7 9. Ne5 Nc6 10. f4 cxd4 11. exd4 Rc8 12. a3 Nd7 13. Bd3 Ndxe5 14. fxe5 f6 15. Qh5 f5 16. Nf3 Qe8 17. Qh3 g6 18. Bc1 Qd8 19. Qh6 Rc7 20. c4 Na5 21. cxd5 Bxd5 22. Ng5 Bxg5 23. Bxg5 Qd7 24. Rac1 Rfc8 25. Rxc7 Rxc7 26. h4 Rc3 27. Be2 Bxb3 28. h5 Qxd4+ 29. Kh1 Bd5 30. hxg6 Bxg2+ 31. Kxg2 Qe4+ 32. Bf3 Rc2+ 33. Kg3 Qxe5+ 34. Bf4 Qg7 35. Qxh7+ Qxh7 36. gxh7+ Kxh7 37. Rh1+ Kg7 38. Be5+ Kg6 39. Bh5+ Kg5 40. Bf7 f4+ 41. Bxf4+ Kf6 42. Be8 Rc3+ 43. Kg4 Rxa3 44. Bd6 Rd3 45. Rh6+ Kg7 46. Rg6+ Kh7 47. Be5 Nc4 48. Rg7+ Kh6 49. Rg6+ Kh7 50. Ba1 Ne3+ 51. Kf4 Nd5+ 52. Ke4 Ra3 53. Rg1 Nf6+ 54. Bxf6 Rh3 55. Ke5 Re3+ 56. Kd6 Rh3 57. Ke7 a5 58. Bg6+ Kh6 59. Kf7 1-0

[Event "Redbull chessmasters 2019"]
[Site "Istambul"]
[Date "2019.11.24"]
[Round "4.12"]
[White "Gur, Tuba"]
[Black "Ozdemir, Cemre"]
[Result "1-0"]
[ECO "D04"]
[WhiteElo "1782"]
[BlackElo "1326"]
[Annotator "NA"]
[PlyCount "50"]
[EventDate "2019.11.23"]
[EventType "k.o."]
[EventCountry "TUR"]
[SourceTitle "playchess.com"]
[Source "ChessBase"]
[SourceQuality "1"]
[TimeControl "600+5"]

1. Nf3 Nf6 2. e3 d5 3. d4 c6 4. Bd3 Nbd7 5. b3 e6 6. Bb2 Bb4+ 7. Nbd2 O-O 8. O-O Re8 9. a3 Bd6 10. Ne5 Qc7 11. f4 b6 12. Rf3 Re7 13. Rh3 g6 14. Qe1 Ne8 15. Qh4 f6 16. Nxg6 Rg7 17. Qh6 f5 18. Ne5 Nxe5 19. fxe5 Bf8 20. Qf4 c5 21. Nf3 c4 22. bxc4 dxc4 23. Be2 b5 24. c3 Bb7 25. Rg3 Qe7 1-0

[Event "Redbull chessmasters 2019"]
[Site "Istambul"]
[Date "2019.11.24"]
[Round "4.13"]
[White "Ozenir, Ekin Baris"]
[Black "Tasdogen, Dincer"]
[Result "1/2-1/2"]
[ECO "E90"]
[WhiteElo "2274"]
[BlackElo "2301"]
[Annotator "NA"]
[PlyCount "66"]
[EventDate "2019.11.23"]
[EventType "k.o."]
[EventCountry "TUR"]
[SourceTitle "playchess.com"]
[Source "ChessBase"]
[SourceQuality "1"]
[TimeControl "600+5"]

1. d4 g6 2. e4 Bg7 3. Nf3 c6 4. c4 d6 5. Nc3 Nf6 6. Be2 O-O 7. h3 Nbd7 8. Bg5 e5 9. d5 c5 10. a3 h6 11. Be3 Nh5 12. Nd2 Nf4 13. Bf1 g5 14. g3 Ng6 15. Be2 Nf4 16. Bf1 f5 17. exf5 Rxf5 18. Nde4 Nf6 19. Nxf6+ Rxf6 20. gxf4 exf4 21. Bd2 Bf5 22. Qf3 Qb6 23. O-O-O Qb3 24. Bd3 b5 25. cxb5 Rb8 26. Bxf5 Rxb5 27. Rde1 Qxb2+ 28. Kd1 Rxf5 29. Re8+ Bf8 30. Rhe1 Qb3+ 31. Ke2 Qc4+ 32. Kd1 Qb3+ 33. Ke2 Qc4+ 1/2-1/2

[Event "Redbull chessmasters 2019"]
[Site "Istambul"]
[Date "2019.11.24"]
[Round "4.14"]
[White "Burcu, Cagatay"]
[Black "Alak, Agdar"]
[Result "1-0"]
[ECO "D15"]
[WhiteElo "2331"]
[BlackElo "1482"]
[Annotator "NA"]
[PlyCount "129"]
[EventDate "2019.11.23"]
[EventType "k.o."]
[EventCountry "TUR"]
[SourceTitle "playchess.com"]
[Source "ChessBase"]
[SourceQuality "1"]
[TimeControl "600+5"]

1. d4 Nf6 2. Bf4 d5 3. Nf3 Bf5 4. c4 c6 5. Nc3 e6 6. Qb3 Qb6 7. c5 Qxb3 8. axb3 Nbd7 9. b4 Be7 10. b5 O-O 11. bxc6 bxc6 12. h3 a6 13. e3 a5 14. Be2 Ne4 15. Nxe4 Bxe4 16. Nd2 Bxg2 17. Rh2 Be4 18. Nxe4 dxe4 19. Bc7 Bd8 20. Bd6 Re8 21. f3 Bh4+ 22. Kd2 Nf6 23. f4 Nd5 24. Rg2 Be7 25. Bxe7 Nxe7 26. Ra2 Reb8 27. Rg1 Rb7 28. Rga1 Rba7 29. Ra4 Nd5 30. Bc4 Nb4 31. Rf1 g6 32. Rfa1 Kf8 33. Bb3 Ke7 34. Bc2 f5 35. Bb3 Kf6 36. Bc4 h6 37. h4 Kf7 38. Kc3 Nd5+ 39. Bxd5 exd5 40. Kc2 Ke6 41. b4 Kd7 42. bxa5 Ra6 43. Kc3 Rg8 44. Rb4 Kc7 45. Rb6 Ra7 46. a6 g5 47. hxg5 hxg5 48. Rh1 Rg7 49. fxg5 Kd7 50. g6 f4 51. exf4 Ke6 52. Rh5 Rac7 53. Re5+ Kf6 54. Rxd5 Rxg6 55. Rd6+ Kf5 56. Rxg6 Kxg6 57. d5 Kf5 58. d6 Rd7 59. Rb7 Rd8 60. a7 Ra8 61. d7 e3 62. Rb8 e2 63. Kd2 Rxa7 64. d8=Q Ra2+ 65. Ke1 1-0

[Event "Redbull chessmasters 2019"]
[Site "Istambul"]
[Date "2019.11.24"]
[Round "4.15"]
[White "Sabahi, Cem"]
[Black "Yazici, Ugur Doga"]
[Result "0-1"]
[ECO "C00"]
[WhiteElo "1604"]
[BlackElo "2195"]
[Annotator "NA"]
[PlyCount "56"]
[EventDate "2019.11.23"]
[EventType "k.o."]
[EventCountry "TUR"]
[SourceTitle "playchess.com"]
[Source "ChessBase"]
[SourceQuality "1"]
[TimeControl "600+5"]

1. e4 e6 2. d3 d5 3. Qe2 Be7 4. Nf3 Nf6 5. g3 b6 6. Bg2 Bb7 7. e5 Nfd7 8. O-O c5 9. c4 dxc4 10. dxc4 Nc6 11. Nc3 Qc7 12. Bf4 O-O-O 13. Rfd1 h6 14. h4 a6 15. a4 Rdg8 16. h5 g5 17. hxg6 fxg6 18. Ne4 g5 19. Nd6+ Kb8 20. Bc1 g4 21. Nh2 Ba8 22. Nf7 Rh7 23. Nxh6 Rgh8 24. N6xg4 Nd4 25. Qd3 Nxe5 26. Nxe5 Bxg2 27. Kxg2 Rxh2+ 28. Kf1 Rh1+ 0-1

[Event "Redbull chessmasters 2019"]
[Site "Istambul"]
[Date "2019.11.24"]
[Round "4.16"]
[White "Aydin, Leyla"]
[Black "Sahin, Handenur"]
[Result "0-1"]
[ECO "C56"]
[WhiteElo "1333"]
[BlackElo "2014"]
[Annotator "NA"]
[PlyCount "71"]
[EventDate "2019.11.23"]
[EventType "k.o."]
[EventCountry "TUR"]
[SourceTitle "playchess.com"]
[Source "ChessBase"]
[SourceQuality "1"]
[TimeControl "600+5"]

1. e4 e5 2. Nf3 Nc6 3. Bc4 Nf6 4. d4 exd4 5. O-O Nxe4 6. Re1 d5 7. Bxd5 Qxd5 8. Nc3 Qa5 9. Nxe4 Be6 10. Neg5 O-O-O 11. Nxe6 fxe6 12. Rxe6 Bd6 13. Bd2 Qh5 14. h3 Rhe8 15. Ng5 Qxd1+ 16. Rxd1 h6 17. Rxe8 Rxe8 18. Nf3 Bc5 19. Kf1 Bb6 20. a3 Ne5 21. Nxe5 Rxe5 22. Re1 Rf5 23. f3 Kd7 24. Re4 c5 25. Rg4 Rf7 26. Ke2 c4 27. Re4 Re7 28. Rxe7+ Kxe7 29. Bb4+ Kf6 30. g3 h5 31. Bd6 Ke6 32. Bf8 g6 33. Bg7 Kd5 34. Bf8 Bc7 35. f4 h4 36. Kf3 0-1

[Event "Redbull chessmasters 2019"]
[Site "Istambul"]
[Date "2019.11.24"]
[Round "5.1"]
[White "Alaz, Ahmet Efekan"]
[Black "Aliakbarov, Anar"]
[Result "0-1"]
[ECO "D05"]
[WhiteElo "2288"]
[BlackElo "2219"]
[Annotator "NA"]
[PlyCount "72"]
[EventDate "2019.11.23"]
[EventType "k.o."]
[EventCountry "TUR"]
[SourceTitle "playchess.com"]
[Source "ChessBase"]
[SourceQuality "1"]
[TimeControl "600+5"]

1. d4 d5 2. Nf3 Nf6 3. e3 e6 4. Bd3 Be7 5. Nbd2 O-O 6. O-O c5 7. c3 Nc6 8. dxc5 Bxc5 9. e4 dxe4 10. Nxe4 Be7 11. Qc2 h6 12. Bf4 Nd5 13. Bd2 e5 14. Ng3 Bg4 15. Be2 Nf4 16. Bxf4 exf4 17. Ne4 Qc7 18. Rad1 Rfe8 19. Rfe1 Bf8 20. h3 Bh5 21. Ned2 Rad8 22. Bd3 Bc5 23. Rxe8+ Rxe8 24. Re1 Rd8 25. Bh7+ Kh8 26. Be4 Re8 27. Bd3 Rxe1+ 28. Nxe1 g5 29. Ne4 Be7 30. c4 Qe5 31. Qc3 Bg6 32. Qxe5+ Nxe5 33. f3 Bb4 34. Nc2 Nxd3 35. Nd4 Bxe4 36. fxe4 Bc5 0-1

[Event "Redbull chessmasters 2019"]
[Site "Istambul"]
[Date "2019.11.24"]
[Round "5.2"]
[White "Eren, Ataberk"]
[Black "Cingoz, Ozan"]
[Result "1-0"]
[ECO "A43"]
[WhiteElo "2284"]
[BlackElo "2031"]
[Annotator "NA"]
[PlyCount "121"]
[EventDate "2019.11.23"]
[EventType "k.o."]
[EventCountry "TUR"]
[SourceTitle "playchess.com"]
[Source "ChessBase"]
[SourceQuality "1"]
[TimeControl "600+5"]

1. d4 c5 2. d5 e6 3. e4 d6 4. Nc3 Nf6 5. Nf3 exd5 6. exd5 Be7 7. Be2 O-O 8. O-O Bg4 9. a4 Bxf3 10. Bxf3 Re8 11. Re1 a6 12. Bf4 Nbd7 13. Qd2 Qc7 14. Re2 Bf8 15. Rae1 Rxe2 16. Rxe2 Re8 17. Rxe8 Nxe8 18. Qe2 Nef6 19. g4 Qd8 20. g5 Ne8 21. h4 g6 22. Ne4 Qe7 23. b3 f5 24. gxf6 Ndxf6 25. Bg5 Kg7 26. Qe3 Qe5 27. Nd2 Qxe3 28. fxe3 Nd7 29. Nc4 b5 30. axb5 axb5 31. Na3 Ne5 32. Be2 b4 33. Nb5 Kf7 34. h5 Be7 35. Bf4 Bf6 36. hxg6+ hxg6 37. Kg2 Ke7 38. Kh3 Kd7 39. Bg4+ Ke7 40. Na7 Nxg4 41. Kxg4 Kd7 42. Bg5 Be5 43. Nc6 Nc7 44. Nxe5+ dxe5 45. e4 Nb5 46. Bf6 Kd6 47. Bg7 Nd4 48. Bf8+ Kd7 49. Bxc5 Nxc2 50. Kg5 Nd4 51. Bxb4 Nxb3 52. Kxg6 Nd4 53. Kf6 Ne2 54. Kxe5 Ng3 55. Be1 Nh5 56. Bh4 Ng7 57. Kd4 Ne8 58. Bg3 Ke7 59. e5 Kd7 60. e6+ Ke7 61. Ke4 1-0

[Event "Redbull chessmasters 2019"]
[Site "Istambul"]
[Date "2019.11.24"]
[Round "5.3"]
[White "Can, Melih Kaan"]
[Black "Kesgin, Halit Kaan"]
[Result "1/2-1/2"]
[ECO "D00"]
[WhiteElo "2138"]
[BlackElo "2061"]
[Annotator "NA"]
[PlyCount "149"]
[EventDate "2019.11.23"]
[EventType "k.o."]
[EventCountry "TUR"]
[SourceTitle "playchess.com"]
[Source "ChessBase"]
[SourceQuality "1"]
[TimeControl "600+5"]

1. d4 d5 2. Bf4 Nf6 3. e3 c5 4. c3 Nc6 5. Nd2 e6 6. Bd3 Bd6 7. Bxd6 Qxd6 8. f4 O-O 9. Ngf3 b6 10. O-O a5 11. Qe2 Bb7 12. Ne5 Qe7 13. Rf3 Nxe5 14. fxe5 Ne4 15. Bxe4 dxe4 16. Rf4 f5 17. exf6 Rxf6 18. Rxf6 gxf6 19. Qh5 cxd4 20. cxd4 Rc8 21. Rf1 f5 22. g4 Rc2 23. Rf2 f4 24. Nf1 Rxf2 25. Kxf2 Bd5 26. exf4 Qb4 27. Qg5+ Kf8 28. Qf6+ Ke8 29. f5 e3+ 30. Kxe3 Qe1+ 31. Kf4 Qxf1+ 32. Ke5 Qe2+ 33. Kf4 Qxh2+ 34. Kg5 Qd2+ 35. Kh5 Qh2+ 36. Kg5 Qd2+ 37. Kh5 h6 38. Qh8+ Kd7 39. Qg7+ Kc6 40. f6 Qxd4 41. Qxh6 Bf3 42. Qg6 Bxg4+ 43. Kh6 Bf5 44. Qe8+ Kc7 45. Qe7+ Kc6 46. f7 Qh8+ 47. Kg5 Qg7+ 48. Kf4 Qd4+ 49. Kf3 Qe4+ 50. Kf2 Qf4+ 51. Ke2 Qe4+ 52. Kf2 Qf4+ 53. Ke2 Bg4+ 54. Kd3 Qf1+ 55. Ke3 Qf3+ 56. Kd4 Qf4+ 57. Kd3 Qf1+ 58. Ke3 Qf3+ 59. Kd4 Qf4+ 60. Kd3 Bf5+ 61. Ke2 Qe4+ 62. Kf2 Qd4+ 63. Kg3 Qe3+ 64. Kg2 Be4+ 65. Kf1 Qf4+ 66. Ke2 Bf3+ 67. Kd3 Qe4+ 68. Kd2 Qe2+ 69. Kc3 Qe3+ 70. Kc2 Qe2+ 71. Kc3 Qe1+ 72. Kd3 Qd1+ 73. Ke3 Qe2+ 74. Kf4 Qe4+ 75. Kg3 1/2-1/2

[Event "Redbull chessmasters 2019"]
[Site "Istambul"]
[Date "2019.11.24"]
[Round "5.4"]
[White "Yildiz Kadioglu, Betul Cemre"]
[Black "Yanik, Sural Emine"]
[Result "1-0"]
[ECO "D46"]
[WhiteElo "2338"]
[BlackElo "1834"]
[Annotator "NA"]
[PlyCount "55"]
[EventDate "2019.11.23"]
[EventType "k.o."]
[EventCountry "TUR"]
[SourceTitle "playchess.com"]
[Source "ChessBase"]
[SourceQuality "1"]
[TimeControl "600+5"]

1. d4 d5 2. Nf3 Nf6 3. c4 c6 4. e3 e6 5. Nbd2 Bd6 6. Bd3 Nbd7 7. O-O O-O 8. e4 dxe4 9. Nxe4 Nxe4 10. Bxe4 f5 11. Bc2 Nf6 12. Qe2 Qc7 13. Bg5 Bf4 14. Bxf4 Qxf4 15. Qe5 Qh6 16. Rad1 Ng4 17. Qd6 Qf6 18. h3 Rd8 19. Qf4 Nh6 20. Qe5 Qe7 21. Qe2 Qf6 22. Qe5 Qe7 23. Rfe1 Nf7 24. Qxf5 g6 25. Qf4 Rf8 26. Qg3 Nd6 27. b3 Qf6 28. Qxd6 1-0